 Dungeon Crawl Stone Soup version 0.25-a0-700-g7f8a7979f0 (webtiles) character file.

Game seed: 5449677906199710677, levelgen mode: deterministic

296 kae the Ruffian (level 6, -14/47 HPs)
             Began as a Draconian Transmuter on Apr 2, 2020.
             Demolished by a wyvern (16 damage)
             ... on level 4 of the Dungeon.
             The game lasted 00:02:10 (3255 turns).

kae the Ruffian (Draconian Transmuter)              Turns: 3255, Time: 00:02:11

Health: -14/47     AC:  2    Str: 13    XL:     6   Next: 12%
Magic:  1/11       EV: 19    Int: 14    God:
Gold:   219        SH:  0    Dex: 17    Spells: 1/11 levels left

rFire    . . .     SeeInvis .     - Unarmed
rCold    . . .     Gourm    .   (shield currently unavailable)
rNeg     . . .     Faith    .   (armour unavailable)
rPois    x         Spirit   .   (helmet currently unavailable)
rElec    .         Reflect  .   (cloak currently unavailable)
rCorr    .         Harm     .   (gloves currently unavailable)
MR       .....                  (boots currently unavailable)
Stlth    ++........             (no amulet)
HPRegen  0.15/turn              (no ring)
MPRegen  0.12/turn              (no ring)

@: spider-form (expiring), very slightly contaminated
A: tiny, unfitting armour, AC +6
a: End Transformation


You were on level 4 of the Dungeon.
You were very hungry.
You were a venomous arachnid creature.
You visited 1 branch of the dungeon, and saw 4 of its levels.

You collected 219 gold pieces.

Inventory:

Missiles
 a - 66 arrows
Armour
 q - a +0 pair of gloves (melded)
Jewellery
 m - a +4 ring of intelligence {unknown}
 r - an uncursed amulet of regeneration {unknown}
 s - an uncursed ring of see invisible {unknown}
Wands
 b - a wand of disintegration (15)
 p - a wand of polymorph (9)
 t - a wand of paralysis (9)
Scrolls
 d - 3 scrolls of random uselessness {unknown}
 g - a scroll of identify {unknown}
 h - a scroll of enchant armour {unknown}
 i - 5 scrolls of teleportation {unknown}
 j - a scroll of remove curse {unknown}
 l - a scroll of fog {unknown}
 n - a scroll of fear {unknown}
 o - a scroll of magic mapping {unknown}
Potions
 e - 2 potions of flight
 f - a potion of lignification {unknown}
 k - 4 potions of curing
Comestibles
 c - 5 rations


   Skills:
 - Level 1.1 Fighting
 - Level 1.7 Dodging
 * Level 5.3 Unarmed Combat
 + Level 3.3 Spellcasting
 + Level 3.6 Transmutations
 + Level 0.0 Ice Magic


You had one spell level left.
You knew the following spells:

 Your Spells              Type           Power        Failure   Level  Hunger
a - Beastly Appendage     Tmut           ##....       14%         1    #......
b - Sticks to Snakes      Tmut           ##......     19%         2    ##.....
c - Spider Form           Tmut/Pois      #.........   52%         3    ###....
d - Ice Form              Ice/Tmut       #.......     86%         4    #####..

Your spell library contained the following spells:

 Spells                   Type           Power        Failure   Level  Hunger
 Blade Hands              Tmut           ##........   91%         5    ######.


Dungeon Overview and Level Annotations

Branches:
Dungeon (4/15)
 Temple: D:4-7

Altars:
Ashenzari
Dithmenos
Fedhas
Okawaru


Innate Abilities, Weirdness & Mutations

((Your plain brown scales are hard. (AC +6)))
You cannot fit into any form of body armour.
((You are cold-blooded and may be slowed by cold attacks.))


Message History

The wyvern bites you!
You hit the wyvern but do no damage.
The wyvern is poisoned.
The wyvern bites you!
* * * LOW HITPOINT WARNING * * *
The wyvern misses you.
You hit the wyvern.
The wyvern looks as sick as possible!
The wyvern is lightly wounded.
Your transformation is almost over.
The wyvern barely misses you.
You hit the wyvern.
The wyvern looks as sick as possible!
The wyvern is heavily wounded.
The wyvern closely misses you. The wyvern completely misses you.
You closely miss the wyvern.
The wyvern is heavily wounded.
The wyvern closely misses you.
Okay, then.
The wyvern bites you!
* * * LOW HITPOINT WARNING * * *
The wyvern bites you!
You die...

## ##. #### #...
#..##..### ##...#
#........# #....##
###.......## ....##≈
#.....†..).###....#≈.
#............#..#.#≈.
#..#......sl......+
####....#....#.#≈
##......###..#
#......### ....#
##....##.###..#.##
#####......... ..# .#
##.#....).........# .
#......)..........#
.####..................


You could see a wyvern.

Vanquished Creatures
  A sky beast (D:4)
  A scorpion (D:4)
  2 orc wizards (D:3)
  Ijyb (D:3)
  An adder (D:3)
  2 adder skeletons (D:4)
  2 worms
  3 dart slugs
  A leopard gecko (D:3)
  8 orcs (D:3)
  A bat (D:2)
  2 giant cockroaches
  5 goblins
  3 hobgoblins
  A ball python (D:2)
  8 frilled lizards
  4 kobolds
  A quokka skeleton (D:3)
  4 rats
51 creatures vanquished.

Notes
Turn   | Place    | Note
-------+----------+-------------------------------------------
     0 | D:1      | kae the Draconian Transmuter began the quest for the Orb.
     0 | D:1      | Reached XP level 1. HP: 16/16 MP: 3/3
   291 | D:1      | Reached XP level 2. HP: 23/23 MP: 3/5
  1133 | D:2      | Found a faded altar of an unknown god.
  1775 | D:3      | Reached XP level 3. HP: 28/28 MP: 4/6
  1799 | D:3      | Learned a level 2 spell: Sticks to Snakes
  1805 | D:2      | Learned a level 3 spell: Spider Form
  1839 | D:3      | Reached skill level 4 in Unarmed Combat
  1852 | D:3      | Found a blossoming altar of Fedhas.
  1872 | D:3      | Reached XP level 4. HP: 30/35 MP: 3/7
  1915 | D:3      | Found a shattered altar of Ashenzari.
  1949 | D:3      | Found a shadowy altar of Dithmenos.
  1993 | D:3      | Noticed Ijyb
  2005 | D:3      | HP: 1/35 [disintegration (21)]
  2006 | D:3      | Killed Ijyb
  2338 | D:3      | Reached XP level 5. HP: 12/40 MP: 5/9
  2577 | D:3      | Found an iron altar of Okawaru.
  2928 | D:4      | Noticed a phantom
  2939 | D:4      | Noticed a sky beast
  2951 | D:4      | Killed a sky beast
  2951 | D:4      | Reached skill level 5 in Unarmed Combat
  3084 | D:4      | Learned a level 4 spell: Ice Form
  3133 | D:4      | Reached XP level 6. HP: 35/47 MP: 6/11
  3244 | D:4      | Noticed a wyvern
  3254 | D:4      | HP: 2/47 [wyvern (10)]
  3255 | D:4      | Demolished by a wyvern

Levels and vault maps discovered:
D:1:      dpeg_arrival_shelter, layout_basic
D:2:      layout_basic, chequers_ecumenical_altar_island
D:3:      layout_basic, lemuel_doored_altar, cheibrodos_ashenzari_chains,
          okawaru_trees_2, nicolae_dithmenos_shadow_blocks,
          minmay_misc_feat_plants, uniq_ijyb
D:4:      layout_cave_pools, serial_shops, nicolae_shop_behind_doors,
          eino_tiny_chamber, grunt_ministairs_2, hangedman_glass_garden

Skill      XL: |  1  2  3  4  5 |
---------------+----------------+-----
Unarmed Combat | 4 5 |  5.3
Transmutations | 3 |  3.6
Spellcasting   | 3 |  3.3
Fighting       | |  1.1
Dodging        | |  1.7

Action                   |  1- 3 |  4- 6 || total
-------------------------+-------+-------++-------
Melee: Unarmed           |    67 |    76 ||   143
       Tailslap          |     4 |     3 ||     7
       Kick              |     6 |       ||     6
       Headbutt          |     3 |     2 ||     5
       Punch             |       |     1 ||     1
 Cast: Beastly Appendage |    16 |     6 ||    22
       Spider Form       |     3 |     6 ||     9
  Use: Potion            |       |     4 ||     4
  Eat: Chunk             |     3 |     5 ||     8
Armor: Skin              |     6 |    13 ||    19
Dodge: Dodged            |    39 |    36 ||    75

Table legend:
 A = Non-vault XP
 B = Vault XP
 C = Vault XP percentage of total XP
 D = Non-vault monster count
 E = Vault monster count
 F = Vault count percentage of total count
                 A         B        C        D         E       F
            +---------+---------+-------+---------+---------+-------
      Total |     387 |      36 |   8.5 |      50 |       1 |   2.0
            +---------+---------+-------+---------+---------+-------
        D:1 |      20 |       0 |   0.0 |      10 |       0 |   0.0
        D:2 |      17 |       0 |   0.0 |      12 |       0 |   0.0
        D:3 |     138 |      36 |  20.7 |      22 |       1 |   4.3
        D:4 |     212 |       0 |   0.0 |       6 |       0 |   0.0
            +---------+---------+-------+---------+---------+-------
